 Dungeon Crawl Stone Soup version 0.23-a0-8-gb809bb7 (console) character file.

100 swinepaste the Insei (level 4, 0/52 HPs)
             Began as a Demonspawn Monk on Aug 1, 2018.
             Slain by Grinder (3 damage)
             ... on level 3 of the Dungeon.
             The game lasted 00:03:29 (2413 turns).

swinepaste the Insei (Demonspawn Monk)              Turns: 2413, Time: 00:03:29

Health: 0/52       AC:  3    Str: 17    XL:     4   Next: 47%
Magic:  4/4        EV: 13    Int: 12    God:
Gold:   108        SH:  0    Dex: 15    Spells: 3/3 levels left

rFire    . . .     SeeInvis .     - Unarmed
rCold    . . .     Gourm    .   (no shield)
rNeg     . . .     Faith    .   b - +0 robe
rPois    .         Spirit   .   (no helmet)
rElec    .         Reflect  .   (no cloak)
rCorr    .         Harm     .   e - +0 pair of gloves
MR       .....                  (no boots)
Stlth    ..........             (no amulet)
HPRegen  0.17/turn              d - ring of flight
MPRegen  0.09/turn              (no ring)

@: berserking (expiring), very quick
A: claws 2, spiny 1
a: Evoke Flight


You were on level 3 of the Dungeon.
You were not hungry.

You visited 1 branch of the dungeon, and saw 3 of its levels.

You collected 108 gold pieces.

Inventory:

Hand Weapons
 a - a +0 falchion
Armour
 b - a +0 robe (worn)
 e - a +0 pair of gloves (worn)
Jewellery
 d - a ring of flight (left hand)
Scrolls
 f - 3 scrolls of fog {unknown}
 g - 4 scrolls of teleportation {unknown}
 h - 5 scrolls of remove curse {unknown}
 i - a scroll of enchant armour {unknown}
 l - a scroll of fear {unknown}
 o - a scroll of immolation {unknown}
 r - 4 scrolls of identify {unknown}
Potions
 j - a potion of resistance {unknown}
 m - a potion of brilliance {unknown}
 n - a potion of lignification {unknown}
 p - a potion of invisibility {unknown}
 q - a potion of magic {unknown}
 t - a potion of mutation {unknown}
Comestibles
 c - 3 rations


   Skills:
 - Level 3.2 Fighting
 - Level 2.6 Long Blades
 - Level 3.1 Dodging
 - Level 1.7 Stealth
 + Level 3.3 Unarmed Combat


You had 3 spell levels left.
You didn't know any spells.
Your spell library was empty.

Dungeon Overview and Level Annotations

Branches:
Dungeon (3/15)

Altars:
Fedhas
Vehumet

Annotations:
D:3 Grinder


Innate Abilities, Weirdness & Mutations

You have very sharp fingernails.
You are partially covered in sharp spines.


Message History

Grinder hits you but does no damage. The orc hits you with a whip.
The orc is struck by your spines. The orc hits you with a flail!
* * * LOW HITPOINT WARNING * * *
Grinder blinks!
The orc hits you with a whip.
* * * LOW HITPOINT WARNING * * *
The orc hits you with a flail.
* * * LOW HITPOINT WARNING * * *
You can move again.
Unknown command.
Unknown command.
You punch Grinder! Your punch misses Grinder.
Grinder is severely wounded.
An orc comes into view. It is wielding a dagger.
The orc misses you.
You punch Grinder!
Grinder is almost dead.
The orc barely misses you. Grinder hits you.
You die...

#..#####.#.....
.#####........#..PPP.#
.................PPP.P
#.######.........PPπP
................PP
.#####.......##..
#.......#oo#
#.......#oo###.#
#.##+#..#6.....#
#.##....5.###### #.
#..#...# #. #......#
###....# ....## ...>.#
....... .......#


You could see Grinder and 4 orcs.

Vanquished Creatures
  An orc wizard (D:3)
  A gnoll (D:1)
  An adder (D:2)
  2 dart slugs (D:1)
  2 leopard geckos
  2 giant cockroaches (D:2)
  6 goblins
  9 hobgoblins
  3 jackals (D:2)
  A ball python (D:2)
  5 bats
  3 frilled lizards
  6 kobolds (D:1)
  4 rats
46 creatures vanquished.

Vanquished Creatures (others)
  A quokka (D:2)
1 creature vanquished.

Grand Total: 47 creatures vanquished

Notes
Turn   | Place    | Note
-------+----------+-------------------------------------------
     0 | D:1      | swinepaste the Demonspawn Monk began the quest for the Orb.
     0 | D:1      | Reached XP level 1. HP: 18/18 MP: 1/1
   446 | D:1      | Gained mutation: You have sharp fingernails. [demonic ancestry]
   446 | D:1      | Reached XP level 2. HP: 19/24 MP: 2/2
   737 | D:1      | Reached skill level 1 in Unarmed Combat
  1136 | D:1      | Gained mutation: You are partially covered in sharp spines. [demonic ancestry]
  1136 | D:1      | Reached XP level 3. HP: 20/29 MP: 3/3
  2011 | D:2      | Gained mutation: You have very sharp fingernails. [demonic ancestry]
  2011 | D:2      | Reached XP level 4. HP: 34/35 MP: 4/4
  2138 | D:2      | Found a radiant altar of Vehumet.
  2377 | D:3      | Found a blossoming altar of Fedhas.
  2384 | D:3      | Noticed Grinder
  2407 | D:3      | Paralysed by Grinder for 4 turns
  2413 | D:3      | Slain by Grinder

Vault maps used:
D:1:      lemuel_arrival_funnel
D:2:      fiery_altar_vehumet
D:3:      fedhas_altar_3, tgw_sif, minmay_joined_circles, uniq_grinder

Skill      XL: |  1  2  3  4 |
---------------+-------------+-----
Dodging        | 3 |  3.1
Unarmed Combat | 1 2 3 |  3.3
Fighting       | |  3.2
Long Blades    | |  2.6
Stealth        | |  1.7

Action                   |  1- 3 |  4- 6 || total
-------------------------+-------+-------++-------
Melee: Falchion          |    68 |       ||    68
       Unarmed           |    57 |    12 ||    69
  Use: Potion            |     2 |     1 ||     3
 Stab: Sleeping          |     4 |     1 ||     5
  Eat: Chunk             |     4 |     1 ||     5
Armor: Robe              |    18 |     1 ||    19
Dodge: Dodged            |    71 |     9 ||    80
       Rpst.: Falchion   |     9 |       ||     9

Table legend:
 A = Spawn XP
 B = Non-spawn XP
 C = Spawn XP percentage of total XP
 D = Spawn monster count
 E = Non-spawn monster count
 F = Spawn count percentage of total count
 G = Total turns spent on level
                    A         B        C        D         E        F      G
               +---------+---------+-------+---------+---------+-------+---------
         Total |       0 |     144 |   0.0 |       0 |      46 |   0.0 |  2413
               +---------+---------+-------+---------+---------+-------+---------
           D:1 |       0 |      58 |   0.0 |       0 |      25 |   0.0 |  1542
           D:2 |       0 |      43 |   0.0 |       0 |      19 |   0.0 |   805
           D:3 |       0 |      43 |   0.0 |       0 |       2 |   0.0 |    66
               +---------+---------+-------+---------+---------+-------+---------
